 Dungeon Crawl Stone Soup version 0.28-a0-1524-ge72afd5fc6 (webtiles) character file.

Game seed: 2774933106953879130

124 sizableburger the Gusty (level 4, 0/35 HPs)
             Began as a Palentonga Air Elementalist on Jan 18, 2022.
             Was an Initiate of Fedhas.
             Slain by an adder skeleton (3 damage)
             ... on level 4 of the Dungeon.
             The game lasted 00:06:44 (2792 turns).

sizableburger the Gusty (PaAE)                      Turns: 2792, Time: 00:06:46

Health: 0/35       AC:  8    Str: 15 (17) XL:     4   Next: 81%
Magic:  7/7        EV:  7    Int: 14 (17) God:    Fedhas [......]
Gold:   60         SH:  3    Dex:  8 (11) Spells: 4/7 levels left

rFire   . . .      SeeInvis +   f - +0 hand axe
rCold   . . .      Faith    .   c - +0 buckler
rNeg    . . .      Spirit   .   a - +0 robe
rPois   .          Reflect  .   (no helmet)
rElec   .          Harm     .   (no cloak)
rCorr   .          Rampage  .   (no gloves)
Will    .....                   k - +0 barding
Stlth   +.........              (no amulet)
HPRegen 0.11/turn               d - +6 ring of strength
MPRegen 0.10/turn               (no ring)

@: mighty, on berserk cooldown, slowed, invisible, very slow
A: large, rugged brown scales 3, see invisible, deformed body, roll 1, armoured
tail
a: Rolling Charge, Renounce Religion


You were on level 4 of the Dungeon.
You worshipped Fedhas.
Fedhas was noncommittal.
You visited 1 branch of the dungeon, and saw 4 of its levels.

You collected 60 gold pieces.

Inventory:

Hand Weapons
 f - a +0 hand axe (weapon)
Missiles
 q - 4 poisoned darts
Armour
 a - a +0 robe (worn)
 c - a +0 buckler (worn)
 k - a +0 barding (worn)
 o - a +0 leather armour
Jewellery
 d - a +6 ring of strength (left hand)
Scrolls
 e - a scroll of enchant weapon {unknown}
 g - a scroll of noise {unknown}
 i - a scroll of identify
 l - 2 scrolls of amnesia
Potions
 j - a potion of berserk rage
 p - a potion of magic {unknown}


   Skills:
 + Level 2.0 Fighting
 + Level 2.1 Axes
 - Level 1.6 Dodging
 - Level 1.2 Stealth
 - Level 0.6 Shields
 - Level 2.3 Spellcasting
 + Level 2.4 Conjurations
 - Level 2.4 Air Magic


You had 4 spell levels left.
You knew the following spells:

 Your Spells              Type           Power      Damage    Failure   Level
a - Shock                 Conj/Air       32%        1d5       11%         1
b - Static Discharge      Conj/Air       8%         N/A       16%         2

Your spell library contained the following spells:

 Spells                   Type           Power      Damage    Failure   Level
 Swiftness                Air            8%         N/A       32%         3
 Sublimation of Blood     Necr           1%         N/A       41%         2
 Wereblood                Tmut           1%         N/A       41%         2
 Airstrike                Air            4%         N/A       71%         4
 Summon Hydra             Summ           0%         N/A       100%        7


Dungeon Overview and Level Annotations

Branches:
Dungeon (4/15)
 Temple: D:4-7

Altars:
Dithmenos
Fedhas


Innate Abilities, Weirdness & Mutations

You are completely covered in rugged brown scales. (AC +3, +7% HP)
You have supernaturally acute eyesight. (SInv)
Armour fits poorly on your strangely shaped body.
You can roll at nearby foes to attack.
You have a long armoured tail.


Message History

You slash the scorpion!
The scorpion is severely wounded.
The scorpion stings you.
* * * LOW HITPOINT WARNING * * *
You block the scorpion's attack.
You closely miss the scorpion.
The scorpion is severely wounded.
An adder skeleton comes into view.
You block the scorpion's attack.
You slash the scorpion!
You kill the scorpion!
Fedhas appreciates your contribution to the ecosystem.
Your Axes skill increases to level 2!
You have reached level 4!
You feel agile.
You barely miss the hobgoblin. The hobgoblin hits you.
* * * LOW HITPOINT WARNING * * *
You hit the hobgoblin.
You kill the hobgoblin!
Fedhas appreciates your contribution to the ecosystem.
You closely miss the adder skeleton.
Your Fighting skill increases to level 2!
You are no longer berserk.
You are exhausted.
You feel yourself slow down.
Items here: ))) / [[ ††††.
It was a potion of might.
You feel very mighty all of a sudden. The adder skeleton barely misses you.
The adder skeleton bites you but does no damage.
It was a potion of invisibility.
You fade into invisibility!
The adder skeleton bites you.
* * * LOW HITPOINT WARNING * * *
It was a potion of degeneration.
There was something very wrong with that liquid.
You feel weakened.
You feel dopey.
You feel clumsy. The adder skeleton bites you.
You die...
Fedhas appreciates your contribution to the ecosystem.

?........
#.......#
#.......#
#.......###
#..........
###<......##..
#.....†.....#
#.)<....#
####@#### #Z#
#....$..#
#.#####...
.### .. .## ..
.#


You could see an adder skeleton.

Vanquished Creatures
  A scorpion (D:4)
  Robin (D:4)
  A worm (D:2)
  A dart slug (D:2)
  3 bats
  4 endoplasms
  3 giant cockroaches
  10 goblins
  9 hobgoblins
  3 kobolds
  2 quokkas (D:3)
  4 ball pythons
  4 rats
46 creatures vanquished.

Notes
Turn   | Place    | Note
-------+----------+-------------------------------------------
     0 | D:1      | sizableburger the Palentonga Air Elementalist began the
                  | quest for the Orb.
     0 | D:1      | Reached XP level 1. HP: 13/13 MP: 3/3
    98 | D:1      | Reached skill level 1 in Conjurations
   470 | D:1      | Reached XP level 2. HP: 20/20 MP: 5/5
  1358 | D:2      | Learned a level 2 spell: Static Discharge
  1699 | D:2      | You fall into a shaft and drop 1 floor!
  1795 | D:3      | Reached XP level 3. HP: 23/26 MP: 6/6
  1909 | D:3      | Found a blossoming altar of Fedhas.
  1919 | D:3      | Reached skill level 1 in Axes
  1931 | D:3      | Became a worshipper of Fedhas Madash
  2453 | D:3      | Found a shadowy altar of Dithmenos.
  2600 | D:4      | Noticed Robin
  2606 | D:4      | Noticed a scorpion
  2625 | D:3      | Reached skill level 1 in Fighting
  2783 | D:4      | Killed Robin
  2786 | D:4      | Killed a scorpion
  2787 | D:4      | Reached XP level 4. HP: 10/35 MP: 7/7
  2792 | D:4      | Slain by an adder skeleton

Illustrated notes

Levels and vault maps discovered:
D:1:      mrwooster_arrival_statue_3, layout_basic
D:2:      layout_loops_cross, minmay_crystal_room
D:3:      layout_basic, lemuel_coloured_pillars_altar,
          mainiacjoe_overflow_24_doors
D:4:      layout_loops_ring, tso_oasis_becter, gammafunk_ghost_abyssal_escape,
          uniq_robin

Skill      XL: |  1  2  3  4 |
---------------+-------------+-----
Conjurations   | 1 2 |  2.4
Axes           | 2 |  2.1
Fighting       | 1 2 |  2.0
Dodging        | |  1.6
Stealth        | |  1.2
Shields        | |  0.6
Spellcasting   | |  2.3
Air Magic      | |  2.4

Action                   |  1- 3 |  4- 6 || total
-------------------------+-------+-------++-------
Melee: Short sword       |     7 |       ||     7
       Unarmed           |     4 |       ||     4
       Tailslap          |     8 |       ||     8
       Hand axe          |   103 |     2 ||   105
 Cast: Shock             |    18 |       ||    18
       Static Discharge  |     2 |       ||     2
 Abil: Rolling Charge    |     3 |       ||     3
  Use: Scroll            |     2 |       ||     2
       Potion            |     1 |     3 ||     4
 Stab: Sleeping          |     2 |       ||     2
Armor: Robe              |    60 |     1 ||    61
Dodge: Dodged            |    62 |     1 ||    63
Block: Buckler           |    10 |       ||    10

Table legend: (Time is in decaauts)
 A = Elapsed time spent in this place.
 B = Non-inter-level travel time spent in this place.
 C = Inter-level travel time spent in this place.
 D = Time resting spent in this place.
 E = Time spent auto-exploring this place.
 F = Levels seen in this place.
 G = Mean time per level.
                   A        B        C        D        E       F      G
               +--------+--------+--------+--------+--------+-----+--------+
         Total |   2817 |   2727 |     90 |    352 |   1872 |   4 |  704.2 |
       Dungeon |   2817 |   2727 |     90 |    352 |   1872 |   4 |  704.2 |
               +--------+--------+--------+--------+--------+-----+--------+

Top non-repeatable levels by time:
     D:3: 1081 daAuts
     D:1: 1035 daAuts
     D:2: 673 daAuts
     D:4: 27 daAuts
